Map: Iron Fortress LE (Void)

Players

Xilion - Winner!

  • Race: Protoss Protoss

Bop

  • Race: Terran Terran

VOD

Have the link to the VOD?

Description

Time

  • Played on: May 6, 2015, 7:12 a.m.
  • Length: 12:26
Show
View Real Time Build Order
Export as new Build Order

Xilion Protoss - Winner!

Build Orders: 1 Gate Expand, Double Forge, Double Forge 

Get SALT Encoding   

  12  0:00  Probe  
  13  0:13  Pylon  
  13  0:17  Probe  
  14  0:31  Probe (Chrono Boost)  
  15  0:35  Gateway  
  15  0:41  Probe (Chrono Boost)  
  16  0:48  Probe  
  17  1:00  Probe (Chrono Boost)  
  19  1:12  Probe (Chrono Boost)  
  19  1:17  Nexus  
  19  1:20  Probe  
  19  1:24  Assimilator  
  20  1:30  Assimilator  
  20  1:32  Probe  
  21  1:39  Pylon  
  21  1:44  Probe  
  22  1:50  Cybernetics Core  
  22  1:57  Probe (Chrono Boost)  
  23  2:07  Probe (Chrono Boost)  
  24  2:14  Probe (Chrono Boost)  
  25  2:25  Probe (Chrono Boost)  
  26  2:30  Adept, Warp Gate (Chrono Boost)  
  26  2:32  Probe (Chrono Boost)  
  26  2:37  Mothership Core (Chrono Boost)  
  32  2:44  Probe (Chrono Boost)  
  32  2:51  Pylon  
  32  2:52  Probe (Chrono Boost)  
  32  2:54  Probe (Chrono Boost)  
  32  2:57  Adept  
  36  3:01  Probe  
  36  3:04  Probe  
  38  3:07  Pylon  
  38  3:13  Probe  
  38  3:16  Probe, Gateway  
  38  3:19  Adept  
  39  3:22  Gateway  
  39  3:25  Probe  
  42  3:30  Probe  
  43  3:40  Probe  
  44  3:42  Probe  
  44  3:47  Robotics Facility  
  45  3:52  Probe  
  45  3:54  Probe  
  47  3:57  Pylon  
  47  3:59  Assimilator  
  47  4:00  Assimilator  
  47  4:04  Probe  
  47  4:06  Probe  
  49  4:16  Probe  
  50  4:18  Forge  
  50  4:19  Probe  
  50  4:20  Adept x2, Forge  
  50  4:21  Adept  
  57  4:28  Probe  
  57  4:29  Pylon  
  58  4:48  Probe x2  
  58  4:50  Adept x3  
  64  5:01  Probe x2  
  64  5:03  Protoss Ground Weapons Level 1 (Chrono Boost), Protoss Ground Armor Level 1 (Chrono Boost)  
  66  5:18  Probe x2  
  68  5:30  Probe  
  68  5:34  Nexus  
  69  5:36  Probe, Zealot x3  
  69  5:42  Gateway  
  76  5:43  Gateway  
  76  5:44  Gateway  
  76  5:46  Robotics Bay  
  76  6:05  Pylon x4  
  76  6:14  Probe x2  
  76  6:20  Pylon  
  76  6:22  Assimilator  
  76  6:26  Probe x2, Assimilator  
  76  6:27  Sentry x3  
  76  6:32  Colossus (Chrono Boost)  
  84  6:36  Extended Thermal Lance, Twilight Council  
  86  6:58  Zealot  
  86  6:59  Zealot x2  
  95  7:01  Probe (Chrono Boost)  
  95  7:05  Sentry  
  95  7:06  Sentry, Probe (Chrono Boost)  
  95  7:07  Sentry, Probe (Chrono Boost)  
  101  7:10  Colossus (Chrono Boost)  
  101  7:13  Protoss Ground Weapons Level 2 (Chrono Boost)  
  101  7:14  Probe (Chrono Boost)  
  108  7:19  Protoss Ground Armor Level 2 (Chrono Boost)  
  108  7:21  Probe x2  
  110  7:23  Stalker  
  110  7:25  Probe  
  110  7:26  Blink (Chrono Boost)  
  113  7:33  Probe  
  113  7:34  Stalker x2  
  118  7:39  Stalker  
  118  7:42  Stalker  
  122  8:08  Pylon x3  
  122  8:10  Pylon  
  122  8:12  Pylon  
  122  8:14  Photon Cannon  
  122  8:15  Pylon  
  122  8:22  Templar Archives  
  122  8:26  Colossus (Chrono Boost)  
  131  8:28  Stalker x2, Probe (Chrono Boost)  
  131  8:29  Stalker  
  131  8:31  Probe x2 (Chrono Boost)  
  131  8:33  Stalker  
  139  8:36  Probe (Chrono Boost)  
  139  8:38  Probe x2  
  142  8:51  Nexus  
  142  9:02  Charge (Chrono Boost)  
  138  9:16  Colossus (Chrono Boost)  
  134  9:17  High Templar x2  
  134  9:18  High Templar x3  
  134  9:19  Probe x2  
  134  9:21  Assimilator  
  140  9:26  Assimilator  
  140  9:29  Pylon  
  138  9:39  Probe  
  138  9:40  Probe x2  
  138  9:41  Zealot  
  138  9:45  Gateway  
  135  9:46  Gateway x2  
  135  9:47  Gateway  
  135  9:50  Gateway  
  131  10:00  Psionic Storm  
  131  10:05  Colossus (Chrono Boost)  
  131  10:06  High Templar x2  
  129  10:07  High Templar  
  129  10:09  Zealot x3  
  133  10:32  Probe x3  
  136  10:35  Stalker x2  
  146  10:43  Colossus (Chrono Boost)  
  146  10:46  Stalker x4  
  146  10:48  Probe (Chrono Boost)  
  158  10:54  Probe x2 (Chrono Boost)  
  158  10:55  Probe (Chrono Boost)  
  158  10:59  Stalker x3  
  158  11:02  Probe (Chrono Boost)  
  158  11:04  Stalker x2  
  167  11:05  Nexus  
  167  11:06  Stalker  
  162  11:20  Stalker  
  162  11:21  Stalker x4  
  168  11:29  Stalker x2  
  172  11:36  Probe (Chrono Boost)  
  172  11:37  Probe (Chrono Boost)  
  176  11:42  Probe x2 (Chrono Boost)  
  176  11:46  Probe (Chrono Boost), Pylon  
  175  11:47  Probe (Chrono Boost), Zealot x3  
  175  11:50  Probe x2 (Chrono Boost)  
  159  12:19  Photon Cannon  
Show
View Real Time Build Order
Export as new Build Order

Bop Terran 

Build Orders: Command Center First (CC), MMM Bio 

Get SALT Encoding   

  12  0:01  SCV  
  13  0:13  SCV  
  14  0:22  Supply Depot  
  14  0:25  SCV  
  15  0:43  SCV  
  16  0:58  Command Center  
  16  1:02  SCV  
  17  1:15  Barracks  
  17  1:22  SCV  
  17  1:23  Refinery  
  18  1:34  SCV  
  19  1:48  SCV  
  20  2:02  Orbital Command  
  20  2:04  Marine  
  20  2:06  Bunker  
  21  2:10  Orbital Command  
  21  2:24  Barracks  
  21  2:28  Barracks  
  21  2:30  SCV  
  21  2:33  Marine  
  23  2:39  SCV  
  23  2:43  SCV  
  25  2:52  SCV  
  25  2:54  Supply Depot  
  25  2:57  SCV  
  25  2:58  Barracks Reactor  
  27  3:04  SCV  
  28  3:12  SCV  
  29  3:16  Marine  
  29  3:19  Barracks Tech Lab  
  29  3:20  SCV  
  29  3:24  SCV  
  31  3:29  Engineering Bay  
  31  3:32  SCV  
  32  3:34  Marine  
  32  3:35  Marine x2  
  32  3:36  SCV  
  32  3:40  Command Center  
  36  3:44  Stimpack  
  36  3:49  Supply Depot, SCV x2  
  36  3:52  Marine, Marauder  
  36  3:53  Marine  
  42  4:01  Terran Infantry Weapons Level 1, SCV  
  43  4:04  SCV  
  44  4:11  Marine x2  
  46  4:20  Supply Depot  
  46  4:22  Marine  
  46  4:23  Missile Turret x2, Marine  
  48  4:24  SCV x2  
  48  4:28  Marine  
  48  4:29  Refinery  
  48  4:30  Factory  
  51  4:36  SCV  
  52  4:41  SCV  
  52  4:47  Marauder, Marine x2  
  52  4:48  SCV  
  56  4:55  SCV  
  56  4:59  Barracks Tech Lab  
  54  5:00  SCV  
  54  5:02  Bunker  
  54  5:05  Bunker  
  55  5:07  SCV  
  55  5:08  Marine  
  55  5:09  Marine  
  55  5:10  Marauder  
  55  5:12  SCV  
  59  5:19  SCV  
  58  5:28  Starport  
  56  5:42  Supply Depot  
  56  5:43  Supply Depot  
  56  5:46  SCV x2, Marauder x2, Marine x2  
  56  5:47  Orbital Command  
  64  5:54  Supply Depot, Factory Reactor  
  64  5:55  Supply Depot  
  62  5:58  SCV x2  
  62  6:01  Refinery x2  
  64  6:10  SCV x2  
  65  6:15  Marine  
  65  6:16  Marauder x2, Marine  
  68  6:22  SCV x2, Medivac  
  72  6:30  Terran Infantry Armor Level 1  
  72  6:31  Orbital Command  
  71  6:34  SCV x2  
  71  6:36  Marine x2  
  71  6:37  Marauder x2  
  71  6:38  Widow Mine  
  81  6:46  SCV x2  
  83  6:49  Concussive Shells  
  83  6:54  Marine x2  
  83  6:59  Barracks x2  
  83  7:00  Barracks  
  85  7:04  Combat Shields  
  85  7:12  Supply Depot  
  85  7:13  Supply Depot x2  
  85  7:23  SCV x3, Reaper, Medivac, Marine x2  
  85  7:26  Bunker  
  93  7:33  Marine, Widow Mine x2  
  93  7:35  SCV x3  
  101  7:40  Missile Turret, Marine  
  101  7:41  Marauder  
  104  7:51  Marine  
  96  7:53  Medivac  
  96  7:55  Marauder  
  83  8:01  Widow Mine  
  83  8:03  Barracks Reactor, Barracks Tech Lab x2, Marauder  
  80  8:07  Widow Mine  
  79  8:13  SCV  
  79  8:14  SCV x2  
  79  8:15  Marine x2  
  79  8:16  Bunker  
  79  8:17  Marauder  
  86  8:24  Marauder, Starport Reactor  
  86  8:25  Starport  
  88  8:27  Armory  
  88  8:29  Marauder x2  
  88  8:30  Engineering Bay, Widow Mine  
  88  8:33  Marine x2  
  96  8:36  Bunker, Widow Mine  
  96  8:38  Marauder  
  100  8:43  Marine x2  
  100  8:45  Marine  
  103  8:50  Marine x2  
  105  8:55  Marine  
  105  8:56  Marine  
  105  8:58  Widow Mine  
  105  8:59  Marauder  
  105  9:01  Marine  
  112  9:04  Widow Mine, Marauder  
  112  9:05  Supply Depot  
  112  9:06  Supply Depot x2  
  112  9:09  Marauder  
  96  9:21  Marauder x2, Marine x4  
  99  9:25  Marauder  
  99  9:29  Marine  
  91  9:38  Widow Mine x2  
  81  9:39  Medivac, Marine x3  
  81  9:41  SCV  
  81  9:42  Marauder  
  81  9:43  Marauder  
  82  9:46  Marauder, Orbital Command  
  82  9:48  Marauder  
  82  9:49  Marine  
  87  9:59  Medivac  
  87  10:04  Marauder  
  87  10:06  Widow Mine  
  83  10:09  Marine, Medivac  
  83  10:10  Marauder x2, Marine x3  
  92  10:19  Marauder  
  94  10:25  Marauder  
  96  10:31  Marauder  
  96  10:32  Orbital Command  
  98  10:38  Marauder, Marine  
  98  10:40  Marauder  
  103  10:49  Marauder, Marine x3  
  108  10:53  Marauder  
  108  10:56  Widow Mine x2  
  112  10:57  Medivac  
  112  10:59  Marauder  
  112  11:03  Marauder  
  120  11:10  Marauder  
  122  11:20  Marine  
  122  11:21  Marauder  
  122  11:23  Marauder  
  124  11:26  Marauder  
  124  11:28  Widow Mine, Marine x2  
  125  11:33  Supply Depot, Medivac x2  
  125  11:34  Supply Depot, Marauder  
  131  11:40  Widow Mine  
  133  11:54  Medivac, Marine x4  
  133  11:55  Marauder  
  133  11:56  Marauder x3  
Tags
 
Add a new tag
Caveats
  • Supply blocks, unpowered buildings, or Contaminate may cause inaccurate times.
  • Supply counts are checked every 10 seconds.